 Dungeon Crawl Stone Soup version 0.29.1-1-gd02db6906a (webtiles) character file.

Game seed: 6267783501677808030

12 pesado the Sneak (level 2, -2/13 HPs)
             Began as a Spriggan Enchanter on Sept 15, 2022.
             Slain by a worm (10 damage)
             ... on level 2 of the Dungeon.
             The game lasted 00:01:16 (1090 turns).

pesado the Sneak (Spriggan Enchanter)               Turns: 1090, Time: 00:01:16

Health: -2/13      AC:  2    Str:  4    XL:     2   Next: 20%
Magic:  6/6        EV: 17    Int: 16    God:
Gold:   40         SH:  0    Dex: 15    Spells: 6/6 levels left

rFire   . . .      SeeInvis +   a - +1 dagger
rCold   . . .      Faith    .   (no shield)
rNeg    . . .      Spirit   .   b - +0 robe
rPois   .          Reflect  .   (helmet restricted)
rElec   .          Harm     .   (no cloak)
rCorr   .          Rampage  .   (gloves unavailable)
Will    .....                   (boots unavailable)
Stlth   +++.......              (no amulet)
HPRegen 0.04/turn               (no ring)
MPRegen 0.10/turn               (no ring)

@: very quick
A: very small, no large weapons, unfitting armour, see invisible, speed 3
a: no special abilities


You were on level 2 of the Dungeon.
You visited 1 branch of the dungeon, and saw 2 of its levels.

You collected 40 gold pieces.

Inventory:

Hand Weapons
 a - a +1 dagger (weapon)
Armour
 b - a +0 robe (worn)
Jewellery
 e - an amulet of reflection
Scrolls
 d - a scroll of vulnerability {unknown}
 f - a scroll of butterflies {unknown}
 g - a scroll of teleportation {unknown}
 i - a scroll of identify {unknown}
 j - a scroll of amnesia {unknown}
Potions
 c - 3 potions of invisibility
 h - a potion of curing {unknown}
 k - a potion of mutation {unknown}


   Skills:
 + Level 2.4 Short Blades
 - Level 2.6 Dodging
 + Level 4.5 Stealth
 - Level 2.6 Spellcasting
 - Level 3.6 Hexes


You had 6 spell levels left.
You didn't know any spells.
Your spell library contained the following spells:

 Spells                   Type           Power      Damage    Failure   Level
 Confusing Touch          Hex            13%        N/A       13%         3
 Tukima's Dance           Hex            13%        N/A       13%         3
 Ensorcelled Hibernation  Hex/Ice        14%        N/A       14%         2
 Dazzling Flash           Conj/Hex       14%        N/A       28%         3


Dungeon Overview and Level Annotations

Branches:
Dungeon (2/15)

Altars:


Innate Abilities, Weirdness & Mutations

You are very small and have problems with some larger weapons.
You are too small for most types of armour.
You have supernaturally acute eyesight. (SInv)
You cover ground extremely quickly. (Speed+++)


Message History

The endoplasm is moderately wounded.
The endoplasm hits you but does no damage.
You hit the endoplasm.
You kill the endoplasm!
c - 3 potions of invisibility (gained 1)
A bat comes into view.
A bat is nearby!
A bat is nearby!
A bat is nearby!
The bat closely misses you.
You closely miss the bat. The bat hits you.
The bat hits you but does no damage.
You closely miss the bat. Your punch misses the bat.
The bat hits you but does no damage. The bat hits you.
You hit the bat but do no damage. The bat misses you.
The bat completely misses you. The bat misses you.
You closely miss the bat. The bat hits you but does no damage.
The bat misses you.
You hit the bat.
You kill the bat!
You see here a bat corpse.
HP restored.
Found a stone staircase leading up.
Found a stone staircase leading down.
Found a stone staircase leading down.
No target in view!
No target in view!
No target in view!
You now have 32 gold pieces (gained 13).
Found a stone staircase leading down.
You now have 40 gold pieces (gained 8).
k - a coppery potion A worm comes into view.
A worm is nearby!
You hit the worm but do no damage. The worm bites you.
You barely miss the worm. You hit the worm but do no damage.
The worm bites you!
Ouch! That really hurt!
You die...

..............
#.#####........ #.#
##......... # #.#
#..#......#
#!##.###....#...## #
.......#.##...#
#.#####.#####.##....#
###..............>..#.#
#....w@................
#.#.######...##.###.#.#
#.####.# # #.# ... #.#
#... #.# #### ... #..


You could see a worm.

Vanquished Creatures
  2 ball pythons (D:1)
  3 endoplasms
  A goblin (D:1)
  A kobold (D:1)
  A quokka (D:1)
  A bat (D:2)
  2 rats (D:1)
11 creatures vanquished.

Vanquished Creatures (others)
  2 withered plants (D:2)
2 creatures vanquished.

Grand Total: 13 creatures vanquished

Notes
Turn   | Place    | Note
-------+----------+-------------------------------------------
     0 | D:1      | pesado the Spriggan Enchanter began the quest for the Orb.
     0 | D:1      | Reached XP level 1. HP: 9/9 MP: 5/5
   561 | D:1      | Reached XP level 2. HP: 7/13 MP: 6/6
   915 | D:1      | You fall into a shaft and drop 1 floor!
   950 | D:2      | Found a faded altar of an unknown god.
  1090 | D:2      | Slain by a worm

Illustrated notes

Levels and vault maps discovered:
D:1:      dpeg_cavernosity, layout_basic
D:2:      layout_loops_ring, ebering_ecumenical_altar_petrified

Skill      XL: |  1 |
---------------+----+-----
Short Blades   | 2 |  2.4
Dodging        | |  2.6
Stealth        | |  4.5
Spellcasting   | |  2.6
Hexes          | |  3.6

Action                   || total
-------------------------++-------
Melee: Dagger            ||    38
 Stab: Sleeping          ||     3
Armor: Robe              ||     4
Dodge: Dodged            ||    24
